 Dungeon Crawl Stone Soup version 0.31-a0-640-g39d97e502b (webtiles) character file.

Game seed: 438088960419275330

868 arthad the Ruffian (level 8, -4/54 HPs)
             Began as an Octopode Shapeshifter on Aug 29, 2023.
             Was an Initiate of Gozag.
             Slain by Pikel
             ... wielding a +0 whip of flaming
              (5 damage)
             ... on level 4 of the Dungeon.
             The game lasted 00:09:32 (3909 turns).

arthad the Ruffian (Octopode Shapeshifter)          Turns: 3909, Time: 00:09:32

Health: -4/54      AC:  1    Str: 13 (15) XL:     8   Next: 3%
Magic:  8/8        EV: 13    Int: 12 (13) God:    Gozag
Gold:   340        SH:  0    Dex:  8 (11) Spells: 7/7 levels left

rFire   . .          .
                       - Unarmed
rCold   + . .        (no shield)
rNeg    . . .        (helmet currently unavailable)
rPois   .            (no amulet)
rElec   .            r - ring of protection from cold
rCorr   .            (no ring)
SInv    .            (no ring)
Will    .....        (no ring)
Stlth   +++          (no ring)
HPRegen 0.29/turn    (no ring)
MPRegen 0.11/turn    (no ring)
                     (no ring)

%: no passive effects
@: mighty, brilliant, beast-form
A: beast (slay +2), almost no armour, amphibious, 8 rings, camouflage 1,
gelatinous body 1, (nimble swimmer 1), tentacles
a: Begin Untransformation, Renounce Religion, Potion Petition, Call Merchant,
Bribe Branch


You were on level 4 of the Dungeon.
You worshipped Gozag.
Gozag was aware of your devotion.
You were a hulking beast.
You visited 2 branches of the dungeon, and saw 6 of its levels.

You collected 433 gold pieces.
You paid 93 gold pieces to Gozag.

Inventory:

Missiles
 e - 12 poisoned darts (quivered)
Armour
 a - a +2 hat
 l - the +0 leather armour "Coytsaps" {Rampage Str+4}
   (You found it on level 2 of the Dungeon)

   Str+4:     It affects your strength (+4).
   Rampage:   It bestows one free step when moving towards enemies.
Jewellery
 r - a ring of protection from cold (left tentacle)
Talismans
 b - a beast talisman (active)
 c - a flux talisman
Wands
 k - a wand of flame (18)
 u - a wand of mindburst (9)
Scrolls
 f - 2 scrolls of butterflies {unknown}
 g - 2 scrolls of fog {unknown}
 j - a scroll of torment {unknown}
 m - a scroll of noise {unknown}
 p - 4 scrolls of identify {unknown}
 q - 2 scrolls of immolation {unknown}
 s - a scroll of poison {unknown}
 t - a scroll of teleportation {unknown}
 v - a scroll of enchant weapon {unknown}
 w - a scroll of revelation {unknown}
Potions
 d - a potion of degeneration
 h - a potion of brilliance
 n - a potion of resistance {unknown}
 o - 4 potions of curing {unknown}
 x - a potion of berserk rage {unknown}


   Skills:
 * Level 4.2 Fighting
 * Level 4.5 Dodging
 + Level 3.0 Stealth
 * Level 5.1 Unarmed Combat
 * Level 4.9 Shapeshifting


You had 7 spell levels left.
You didn't know any spells.
Your spell library was empty.

Dungeon Overview and Level Annotations

Branches:
Dungeon (5/15)             Temple (1/1) D:4

Altars:
Ashenzari
Dithmenos
Elyvilon
Gozag
Kikubaaqudgha
Makhleb
Okawaru
Qazlal
Ru
Sif Muna
Trog
Uskayaw
Vehumet
Xom
Yredelemnul
The Shining One

Shops:
D:3 =

Annotations:
D:4 2 transporters, Pikel; SpamRTist's ghost, weakling DgCj


Innate Abilities, Weirdness & Mutations

You are a hulking beast.
Your limbs bulge with bestial killing power. (Slay +2)
You cannot wear most types of armour.
You are amphibious.
You can wear up to eight rings at the same time.
Your skin changes colour to match your surroundings (Stealth+).
Your rubbery body absorbs attacks. (AC +1, EV +1)
((You are camouflaged when in or above water. (Stealth+)))
You have tentacles for arms and can constrict up to eight enemies at once.


Message History

The lemure is lightly wounded.
You constrict the lemure, but do no damage.
The lemure misses you.
You tentacle-slap the lemure.
The lemure is moderately wounded.
You constrict the lemure. The lemure hits you.
You tentacle-slap the lemure but do no damage.
The lemure is moderately wounded.
You constrict the lemure. The lemure hits you.
You tentacle-slap the lemure.
The lemure is heavily wounded.
You constrict the lemure. The lemure misses you.
You tentacle-slap the lemure. You squeeze the lemure.
The lemure is almost dead.
You constrict the lemure.
You kill the lemure!
That felt strangely unrewarding.
It was a potion of degeneration.
There was something very wrong with that liquid.
You feel weakened.
You feel dopey.
You feel clumsy. Pikel misses you.
It was a potion of brilliance.
You feel clever all of a sudden.
Pikel hits you with a +0 whip of flaming.
Pikel burns you.
It was a potion of might.
You feel very mighty all of a sudden.
Pikel hits you with a +0 whip of flaming.
* * * LOW HITPOINT WARNING * * *
Pikel burns you.
* * * LOW HITPOINT WARNING * * *
You tentacle-slap Pikel. Your grab misses Pikel. You tentacle-slap Pikel.
Your squeeze misses Pikel.
Pikel is lightly wounded.
Pikel hits you with a +0 whip of flaming!
* * * LOW HITPOINT WARNING * * *
Pikel burns you.
You die...
Pikel says, "See you in Hell!"
Your body crumbles into a pile of gold.

##.#.## ##.......## #.......#
####....####.........####........
...........+.........'.......#..#
####....####.........####.......#
#.#.## ##.......## ##.###.##
#.### ##.....## ### #.# #.#
##...## ####.# #.# ##'## #....#
#.# #h# #.#### #.####### #K# #.#
#.......# ##.## #.# #.#####.#
##...## #.# ###.# #.# #....>####
#.# #...#####.####.......## #.#
#........[............####.#
#..........................#
#........##......©...[######


You could see Pikel.

Vanquished Creatures
  Menkaure (D:4)
  A black bear (D:4)
  An ogre (D:5)
  2 lemures
  2 scorpions
  A howler monkey (D:4)
  2 hounds (D:4)
  Natasha (D:2)
  4 orc wizards
  8 adders
  7 gnolls
  7 worms
  3 dart slugs
  2 orcs
  3 endoplasms
  4 giant cockroaches
  11 goblins
  9 hobgoblins
  6 jackals
  2 quokkas (D:1)
  6 ball pythons
  7 bats
  3 frilled lizards
  5 kobolds
  3 rats
101 creatures vanquished.

Notes
Turn   | Place    | Note
-------+----------+-------------------------------------------
     0 | D:1      | arthad the Octopode Shapeshifter began the quest for the
                  | Orb.
     0 | D:1      | Reached XP level 1. HP: 13/13 MP: 1/1
   165 | D:1      | Reached XP level 2. HP: 16/18 MP: 2/2
   378 | D:1      | Reached XP level 3. HP: 23/23 MP: 3/3
   858 | D:1      | Reached XP level 4. HP: 12/29 MP: 4/4
  1179 | D:2      | Identified the +0 leather armour "Coytsaps" {Rampage Str+4}
  1238 | D:2      | Reached XP level 5. HP: 34/34 MP: 5/5
  1614 | D:2      | Noticed Natasha
  1625 | D:2      | Killed Natasha
  1875 | D:3      | Reached skill level 4 in Unarmed Combat
  1971 | D:3      | Found Toeffuufosm's Jewellery Shop.
  2495 | D:4      | Reached XP level 6. HP: 29/41 MP: 6/6
  2527 | D:4      | Found a staircase to the Ecumenical Temple.
  2535 | D:4      | Reached skill level 1 in Stealth
  2566 | Temple   | Entered the Ecumenical Temple
  2598 | Temple   | Became a worshipper of Gozag Ym Sagoz the Greedy
  2799 | D:4      | Found a glowing golden altar of the Shining One.
  2864 | D:4      | Found a transporter.
  2901 | D:4      | Noticed a toenail golem
  2902 | D:4      | Noticed a small abomination
  2988 | D:4      | Noticed a black bear
  2989 | D:4      | Noticed Menkaure
  2995 | D:4      | Killed a black bear
  3001 | D:4      | Killed Menkaure
  3002 | D:4      | Reached XP level 7. HP: 37/46 MP: 7/7
  3439 | D:4      | Noticed SpamRTist's ghost (weakling DgCj)
  3611 | D:4      | Found a transporter.
  3666 | D:5      | Entered Level 5 of the Dungeon
  3670 | D:5      | Noticed Pikel
  3740 | D:5      | Reached skill level 5 in Unarmed Combat
  3858 | D:4      | Reached XP level 8. HP: 46/54 MP: 8/8
  3909 | D:4      | HP: 1/54 [Pikel/+0 whip of flaming (12)]
  3909 | D:4      | Slain by Pikel

Illustrated notes

Levels and vault maps discovered:
D:1:      dpeg_arrival_rooms_a, layout_basic, nicolae_titane
D:2:      layout_basic, uniq_natasha
D:3:      layout_basic, serial_shops, shop, skrybe_limestone_x
D:4:      layout_loops_corners, nicolae_tso_carved_into_rock,
          minmay_temple_entry_statues_fountains, gammafunk_ghost_abyssal_escape,
          uniq_menkaure
D:5:      layout_basic, nicolae_hepliaklqana_hippocampus, water_boxes_lemuel,
          uniq_blork_the_orc, uniq_prince_ribbit1, uniq_pikel
Temple:   bh_familiar_temple

Skill      XL: |  1  2  3  4  5  6  7 |
---------------+----------------------+-----
Fighting       | 2 3 4 |  4.2
Dodging        | 3 4 |  4.5
Unarmed Combat | 4 5 |  5.1
Shapeshifting  | 4 |  4.9
Stealth        | 2 3 |  3.0

Action                     |  1- 3 |  4- 6 |  7- 9 || total
---------------------------+-------+-------+-------++-------
  Melee: Unarmed           |    75 |   104 |    41 ||   220
         Tentacles         |    13 |    17 |    10 ||    40
         Constrict         |    18 |    25 |     9 ||    52
         Punch             |     3 |     4 |     3 ||    10
  Throw: Dart              |       |    13 |    18 ||    31
  Evoke: Wand              |       |     6 |       ||     6
    Use: Potion            |       |     1 |     3 ||     4
   Stab: Sleeping          |     8 |     7 |     1 ||    16
         Distracted        |       |     2 |       ||     2
 Armour: Skin              |     3 |    13 |     4 ||    20
  Dodge: Dodged            |    48 |    56 |    21 ||   125

Table legend: (Time is in decaauts)
 A = Elapsed time spent in this place.
 B = Non-inter-level travel time spent in this place.
 C = Inter-level travel time spent in this place.
 D = Time resting spent in this place.
 E = Time spent auto-exploring this place.
 F = Levels seen in this place.
 G = Mean time per level.
                   A        B        C        D        E       F      G
               +--------+--------+--------+--------+--------+-----+--------+
         Total |   3895 |   3662 |    233 |     37 |   2896 |   6 |  649.2 |
       Dungeon |   3831 |   3659 |    172 |     37 |   2896 |   5 |  766.2 |
        Temple |     63 |      2 |     61 |      0 |      0 |   1 |   63.0 |
               +--------+--------+--------+--------+--------+-----+--------+

Top non-repeatable levels by time:
     D:4: 1227 daAuts
     D:2: 999 daAuts
     D:1: 835 daAuts
     D:3: 631 daAuts
     D:5: 138 daAuts
  Temple: 63 daAuts
